 Dungeon Crawl Stone Soup version 0.27.1-3-gb3d3a73c9e (webtiles) character file.

Game seed: 4829486346844849882

26427 TNOPE the Basher (level 13, -4/101 HPs)
             Began as a Human Berserker on Oct 17, 2021.
             Was an Elder of Trog.
             Slain by Sonja (13 damage)
             ... on level 13 of the Dungeon.
             The game lasted 02:11:47 (18317 turns).

TNOPE the Basher (Human Berserker)                 Turns: 18317, Time: 02:11:48

Health: -4/101     AC: 25    Str: 20    XL:     13   Next: 58%
Magic:  13/13      EV:  7    Int:  9    God:    Trog [****..]
Gold:   873        SH:  9    Dex: 14    Spells: 12/12 levels left

rFire    . . .     SeeInvis +   m - +9 sword of Zonguldrok {reap}
rCold    . . .     Faith    .   c - +3 buckler
rNeg     . . .     Spirit   .   I - +0 plate armour
rPois    .         Reflect  .   N - +1 hat
rElec    .         Harm     .   F - +0 cloak
rCorr    .         Rampage  .   g - +0 pair of gloves
Will     .....                  e - +0 pair of boots
Stlth    ..........             d - amulet of magic regeneration
HPRegen  0.26/turn              j - ring of see invisible
MPRegen  0.38/turn              l - +4 ring of protection

@: about to teleport, on berserk cooldown, slowed, very slow
A: mutation resistance 1, shaggy fur 1
a: Renounce Religion, Berserk, Trog's Hand, Brothers in Arms


You were on level 13 of the Dungeon.
You worshipped Trog.
Trog was greatly pleased with you.
You visited 1 branch of the dungeon, and saw 13 of its levels.

You collected 873 gold pieces.

Inventory:

Hand Weapons
 a - a +4 vorpal mace {BALL BUSTER}
 h - a +0 spear
 i - a +0 scythe
 m - the +9 sword of Zonguldrok (weapon) {reap}
   (You found it on level 13 of the Dungeon)

   Any living foe damaged by it may be reanimated upon death as a zombie
   friendly to the wielder, with an increasing chance as more damage is dealt.
 o - a +3 club
 q - a +0 giant club
 B - the +2 rapier of the Past {drain, +Rage Will+}
   (You found it on level 6 of the Dungeon)

   A truly terrible weapon, it drains the life of any living foe it strikes.
   +Rage:     It lets you go berserk.
   Will:      It increases your willpower.
 G - a +4 battleaxe
 H - a +3 short sword
 J - a +0 broad axe
 K - a +0 great sword
 M - a +2 dagger of venom
 W - a +0 long sword
Missiles
 u - 3 throwing nets (quivered)
Armour
 b - a +0 animal skin
 c - a +3 buckler (worn)
 e - a +0 pair of boots (worn)
 f - a +0 leather armour
 g - a +0 pair of gloves (worn)
 p - a +0 ring mail
 y - a +0 robe
 A - a +0 chain mail
 F - a +0 cloak (worn)
 I - a +0 plate armour (worn)
 N - a +1 hat (worn)
 Q - a +0 plate armour
 U - +0 acid dragon scales
 V - a +0 troll leather armour
Jewellery
 d - an amulet of magic regeneration (around neck)
 j - a ring of see invisible (left hand)
 l - a +4 ring of protection (right hand)
 t - the ring "Irrapp" {Wiz Will+++ Str-2 Int+2}
   (You took it off a hobgoblin on level 4 of the Dungeon)

   [ring of wizardry]

   It improves your spell success rate.
   Str:       It affects your strength (-2).
   Int:       It affects your intelligence (+2).
   Will:      It greatly increases your willpower.
 w - a +4 ring of protection
 C - an amulet of the acrobat
 E - a ring of willpower
Wands
 v - a wand of iceblast (14)
 x - a wand of flame (49)
 z - a wand of mindburst (30)
Scrolls
 n - 11 scrolls of identify
 L - 2 scrolls of teleportation
Potions
 k - 4 potions of lignification
 r - 2 potions of berserk rage
 s - 2 potions of degeneration
 D - 4 potions of curing
 O - a potion of brilliance
 P - 2 potions of ambrosia
 S - a potion of flight
 T - a potion of cancellation
 X - a potion of attraction {unknown}
Miscellaneous
 R - a tin of tremorstones (2/2)


   Skills:
 + Level 9.5 Fighting
 + Level 2.9 Long Blades
 - Level 13.7 Maces & Flails
 + Level 11.0 Armour
 - Level 2.5 Dodging
 + Level 9.5 Shields


You had 12 spell levels left.
You didn't know any spells.
Your spell library contained the following spells:

 Spells                   Type           Power      Damage    Failure   Level
 Pain                     Necr           0%         1d4       99%         1
 Agony                    Necr           0%         N/A       100%        5
 Excruciating Wounds      Necr           0%         N/A       100%        5


Dungeon Overview and Level Annotations

Branches:
Dungeon (13/15)            Temple (0/1) D:7            Lair (0/6) D:9
    Orc (0/2) D:10
 Vaults: D:13-14

Altars:
Cheibriados
Dithmenos
Elyvilon
Gozag
Hepliaklqana
Trog
Wu Jian
Zin

Annotations:
D:13 Sonja


Innate Abilities, Weirdness & Mutations

You are somewhat resistant to further mutation.
You are covered in fur. (AC +1)


Message History

Sonja hits you but does no damage. Space bends around you.
* * * LOW HITPOINT WARNING * * *
You block the basilisk's attack.
Sonja hits you with a +2 dagger of distortion.
* * * LOW HITPOINT WARNING * * *
Space bends around you.
* * * LOW HITPOINT WARNING * * *
Sonja hits you with a +2 dagger of distortion.
* * * LOW HITPOINT WARNING * * *
You blink.
Okay, then.
You feel yourself speed up.
Sonja shouts, "Hah!
Missed me again!"
You feel a strong urge to attack something.
The door flies open with a bang!
You hear a horrible gurgling sound!
A green ugly thing comes into view.
You slash the green ugly thing!
The green ugly thing is moderately wounded.
You are no longer berserk.
You are exhausted.
You feel yourself slow down.
The green ugly thing tail-slaps you but does no damage.
Sonja bows elegantly.
Unknown command.
Unknown command.
Unknown command.
Unknown command.
You're still recovering from your berserk rage.
Unknown command.
Unknown command.
As you read the scroll of teleportation, it crumbles to dust.
You feel strangely unstable. You block Sonja's attack.
Sonja hits you with a +2 dagger of distortion.
* * * LOW HITPOINT WARNING * * *
Space bends around you.
* * * LOW HITPOINT WARNING * * *
Sonja hits you but does no damage.
The green ugly thing completely misses you.
Sonja hits you but does no damage. Space warps horribly around you!
You die...

... #.### #...# ###.#
#####l### #...!.K.####
#........l.#
#.......##K#
#.......##@#
#.......##.u......
#.......####......
####.#### ##+### #..#
######.### #####+####
#....(...# #..........
#........### #..........
#.........<###..........


You could see a green ugly thing, a basilisk and Sonja.

Vanquished Creatures
  Frances (D:13)
  A hydra (D:11)
  2 deep elf pyromancers
  3 manticores
  A guardian serpent (shapeshifter) (D:13)
  A gargoyle (D:12)
  A kobold demonologist (D:5)
  2 trolls
  Grinder (D:5)
  2 harpy skeletons (D:13)
  A hornet (D:8)
  3 meliai zombies
  A wraith (D:12)
  28 yaks
  Sigmund (D:5)
  A basilisk (D:12)
  A steam dragon (D:7)
  12 vampire mosquitoes
  Menkaure (D:4)
  A water moccasin (D:6)
  2 sky beasts
  6 orc warriors
  2 ice beasts
  A black bear (D:6)
  4 hornet zombies
  2 necrophages
  2 ogres (D:4)
  5 centaurs
  A phantom (D:5)
  2 kobold brigands
  Blork the orc (D:5)
  2 bullfrogs
  A wyvern zombie (D:7)
  A scorpion (D:4)
  A wyvern skeleton (D:6)
  15 killer bees
  14 wights
  A howler monkey (D:4)
  2 hounds
  3 jellies
  Crazy Yiuf (D:7)
  A bullfrog skeleton (D:5)
  10 centaur zombies
  A gnoll shaman (D:7)
  3 orc priests
  5 centaur skeletons
  Jessica (D:2)
  3 iguanas
  4 orc wizards
  A hound skeleton (D:3)
  13 gnolls
  A howler monkey skeleton (D:7)
  5 adders
  A white imp (D:8)
  An ufetubus (D:4)
  An adder skeleton (D:4)
  2 dart slugs (D:4)
  36 orcs
  9 ball pythons
  8 bats
  5 endoplasms
  3 giant cockroaches
  32 goblins
  21 hobgoblins
  A jackal (D:5)
  23 kobolds
  5 quokkas
  4 frilled lizards
  7 rats
341 creatures vanquished.

Vanquished Creatures (collateral kills)
  A bone dragon (D:13)
  A hydra (D:9)
  A boulder beetle (D:8)
  A wolf spider zombie (D:13)
  2 ugly things
  A cyclops (D:13)
  A manticore (D:12)
  A centaur skeleton (D:13)
  2 centaur zombies
  A wraith (D:12)
  A basilisk (D:11)
  3 vampire mosquitoes (D:12)
  A warg (D:10)
  An acid dragon (D:12)
  A black bear (D:6)
  2 orc warriors (D:10)
  An ogre (D:5)
  An orc priest (D:10)
  An iguana (D:6)
  3 orc wizards
  2 orcs
29 creatures vanquished.

Vanquished Creatures (others)
  6 plants (D:1)
6 creatures vanquished.

Grand Total: 376 creatures vanquished

Notes
Turn   | Place    | Note
-------+----------+-------------------------------------------
     0 | D:1      | TNOPE the Human Berserker began the quest for the Orb.
     0 | D:1      | Reached XP level 1. HP: 18/18 MP: 1/1
   252 | D:1      | Reached XP level 2. HP: 24/24 MP: 2/2
   908 | D:1      | Reached XP level 3. HP: 27/29 MP: 3/3
  1072 | D:2      | Reached ** piety under Trog
  1635 | D:2      | Reached skill level 4 in Maces & Flails
  1635 | D:2      | Reached XP level 4. HP: 35/35 MP: 4/4
  1740 | D:2      | Found a faded altar of an unknown god.
  1749 | D:2      | Noticed Jessica
  1756 | D:2      | Killed Jessica
  1757 | D:2      | Reached XP level 5. HP: 27/41 MP: 5/5
  2299 | D:3      | Reached skill level 1 in Shields
  3111 | D:4      | Noticed Menkaure
  3122 | D:4      | Killed Menkaure
  3123 | D:4      | Reached skill level 5 in Maces & Flails
  3123 | D:4      | Reached XP level 6. HP: 48/48 MP: 6/6
  3246 | D:4      | Reached *** piety under Trog
  3448 | D:4      | Noticed an ogre
  3458 | D:4      | Killed an ogre
  3459 | D:4      | Reached XP level 7. HP: 54/54 MP: 7/7
  3734 | D:4      | Reached skill level 6 in Maces & Flails
  3887 | D:4      | Identified the ring "Irrapp" {Wiz Will+++ Str-2 Int+2}
  4235 | D:4      | Reached **** piety under Trog
  4930 | D:4      | Reached XP level 8. HP: 59/61 MP: 8/8
  5583 | D:5      | Entered Level 5 of the Dungeon
  5619 | D:5      | Noticed a kobold demonologist
  5838 | D:5      | Noticed Blork the orc
  5851 | D:5      | Killed Blork the orc
  5882 | D:5      | Found a white marble altar of Elyvilon.
  5882 | D:5      | Found a hazy altar of Hepliaklqana.
  5892 | D:5      | Found a glowing silver altar of Zin.
  5899 | D:5      | Found a bloodstained altar of Trog.
  5902 | D:5      | Found an opulent altar of Gozag.
  5904 | D:5      | Found an ornate altar of the Wu Jian Council.
  5990 | D:5      | Noticed Sigmund
  6008 | D:5      | Reached skill level 7 in Maces & Flails
  6016 | D:5      | Killed Sigmund
  6145 | D:5      | Found a shadowy altar of Dithmenos.
  6284 | D:5      | Noticed an ice devil
  6288 | D:5      | Noticed a rust devil
  6290 | D:5      | Killed a kobold demonologist
  6291 | D:5      | Reached skill level 5 in Armour
  6291 | D:5      | Reached XP level 9. HP: 52/67 MP: 9/9
  6298 | D:5      | Reached skill level 5 in Fighting
  6478 | D:5      | Reached skill level 8 in Maces & Flails
  6584 | D:5      | Noticed Grinder
  6588 | D:5      | Paralysed by Grinder for 5 turns
  6595 | D:5      | Paralysed by Grinder for 3 turns
  6614 | D:5      | Paralysed by Grinder for 5 turns
  6621 | D:5      | Killed Grinder
  7406 | D:6      | Reached skill level 9 in Maces & Flails
  7638 | D:6      | Identified the +2 rapier of the Past {drain, +Rage Will+}
  8202 | D:7      | Reached XP level 10. HP: 76/76 MP: 10/10
  8495 | D:7      | Reached skill level 5 in Shields
  8631 | D:6      | Gained mutation: You are weak. (Str -2) [potion of
                  | mutation]
  8631 | D:6      | Gained mutation: You are partially covered in iridescent
                  | scales. (AC +2) [potion of mutation]
  8863 | D:7      | Found a runed translucent door.
  8864 | D:7      | Noticed Crazy Yiuf
  8954 | D:7      | Found a staircase to the Ecumenical Temple.
  9064 | D:7      | Lost mutation: You are weak. (Str -2) [potion of mutation]
  9064 | D:7      | Lost mutation: You are partially covered in iridescent
                  | scales. (AC +2) [potion of mutation]
  9064 | D:7      | Gained mutation: You have a beak for a mouth. [potion of
                  | mutation]
  9064 | D:7      | Gained mutation: Your mind is acute. (Int +2) [potion of
                  | mutation]
  9099 | D:7      | Reached skill level 10 in Maces & Flails
  9540 | D:7      | Killed Crazy Yiuf
  9697 | D:8      | Noticed a boulder beetle
 10868 | D:8      | Found a snail-covered altar of Cheibriados.
 11012 | D:8      | Identified the +8 rapier of Jamom {vorpal, rF- Int+6}
 11034 | D:8      | Paralysed by a hornet for 1 turns
 11436 | D:9      | Reached XP level 11. HP: 66/83 MP: 11/11
 11449 | D:9      | Reached ***** piety under Trog
 11657 | D:8      | Killed a boulder beetle
 11658 | D:8      | Reached skill level 11 in Maces & Flails
 12008 | D:9      | Found a staircase to the Lair.
 12422 | D:9      | Noticed a five-headed hydra
 12432 | D:9      | Killed a five-headed hydra
 13032 | D:10     | Entered Level 10 of the Dungeon
 13130 | D:10     | Found a staircase to the Orcish Mines.
 14202 | D:10     | Lost mutation: Your mind is acute. (Int +2) [potion of
                  | mutation]
 14202 | D:10     | Lost mutation: You have a beak for a mouth. [potion of
                  | mutation]
 14202 | D:10     | Gained mutation: You are somewhat resistant to further
                  | mutation. [potion of mutation]
 14202 | D:10     | Gained mutation: You are covered in fur. (AC +1) [potion of
                  | mutation]
 14281 | D:11     | Noticed a five-headed hydra
 14290 | D:11     | Killed a five-headed hydra
 14376 | D:11     | Noticed a manticore
 14387 | D:11     | Killed a manticore
 14545 | D:11     | Reached skill level 12 in Maces & Flails
 14545 | D:11     | Reached XP level 12. HP: 72/92 MP: 12/12
 15471 | D:11     | Identified a scroll of acquirement
 15471 | D:11     | Acquired a +1 hat
 15576 | D:12     | Reached skill level 10 in Armour
 16996 | D:13     | Reached skill level 13 in Maces & Flails
 17120 | D:13     | Reached XP level 13. HP: 88/100 MP: 13/13
 17357 | D:13     | Found the +9 sword of Zonguldrok {reap}
 17357 | D:13     | Noticed a bone dragon
 17398 | D:13     | Killed a bone dragon
 17705 | D:13     | Reached skill level 1 in Long Blades
 17871 | D:13     | Noticed Frances
 17884 | D:13     | Killed Frances
 18303 | D:13     | Noticed Sonja
 18317 | D:13     | Slain by Sonja

Illustrated notes

Levels and vault maps discovered:
D:1:      eino_arrival_tree_alley, layout_rooms, roderic_roman_lattice
D:2:      layout_basic, ebering_ecumenical_altar_webs, uniq_jessica
D:3:      layout_basic, minmay_misc_feat_alley
D:4:      minmay_goblin_kobold_castle, layout_basic, abandoned_shop,
          st_stairs_14, solitary_fountain, uniq_menkaure
D:5:      layout_basic, minitemple, nicolae_dithmenos_the_darkroom,
          kennysheep_dice, uniq_grinder, uniq_blork_the_orc, uniq_sigmund
D:6:      layout_rooms
D:7:      minmay_spotlight, layout_loops_ring, minmay_temple_entry_nine_rooms,
          uniq_crazy_yiuf_cottage
D:8:      layout_gridville, cheibriados_altar_1, minivault_19
D:9:      layout_loops_ring, lair_entry_dummy, minivault_25
D:10:     layout_stronghold, erik_orc_3
D:11:     layout_long_grid
D:12:     layout_roguey
D:13:     layout_roguey, minmay_guarded_unrand_zonguldrok, uniq_sonja,
          uniq_frances

Skill      XL: |  1  2  3  4  5  6  7  8  9 10 11 12 13 |
---------------+----------------------------------------+-----
Maces & Flails | 4 5 6 7 9 10 12 13 | 13.7
Shields        | 1 2 3 4 6 7 8 9 |  9.5
Fighting       | 4 5 6 7 8 9 |  9.5
Armour         | 3 5 6 8 9 10 11 | 11.0
Long Blades    | 2 |  2.9
Dodging        | |  2.5

Action                   |  1- 3 |  4- 6 |  7- 9 | 10-12 | 13-15 || total
-------------------------+-------+-------+-------+-------+-------++-------
Melee: Mace              |   108 |    90 |   376 |   738 |   120 ||  1432
       Peck              |       |       |       |    60 |       ||    60
       Double sword      |       |       |       |       |    44 ||    44
Invok: Berserk           |     2 |     4 |    16 |    18 |     3 ||    43
       Brothers in Arms  |       |       |     3 |     7 |     2 ||    12
       Trog's Hand       |       |       |     2 |       |     1 ||     3
  Use: Scroll            |     3 |     4 |     4 |     8 |     1 ||    20
       Potion            |     2 |     7 |     3 |     4 |     2 ||    18
 Stab: Sleeping          |       |     1 |       |       |       ||     1
       Distracted        |       |       |       |       |     1 ||     1
Armor: Animal skin       |    33 |       |       |       |       ||    33
       Ring mail         |       |    38 |    76 |       |       ||   114
       Skin              |       |     5 |       |       |       ||     5
       Chain mail        |       |       |   101 |    20 |       ||   121
       Plate armour      |       |       |       |   365 |   180 ||   545
Dodge: Dodged            |    67 |    38 |   153 |   173 |    61 ||   492
Block: Buckler           |    22 |    19 |   102 |   287 |   105 ||   535
       Rpst.: Double sword |       |       |       |       |     3 ||     3
